 Dungeon Sprint DCSS version 0.24-a0-250-g6074511092 (webtiles) character file.

Game seed: 300529527645018332

79 Redear the Covered (level 4, 0/44 HPs)
             Began as a Deep Dwarf Fighter on Apr 15, 2019.
             Slain by a human (2 damage)
             ... in the Dungeon (Sprint III: "The Ten Rune Challenge").
             The game lasted 00:00:33 (76 turns).

Redear the Covered (Deep Dwarf Fighter)               Turns: 76, Time: 00:00:34

Health: 0/44       AC:  7    Str: 19    XL:     4   Next: 16%
Magic:  4/4        EV: 11    Int:  9    God:
Gold:   0          SH:  0    Dex: 13    Spells: 3/3 levels left

rFire    . . .     SeeInvis .   a - +0 war axe
rCold    . . .     Gourm    .   (no shield)
rNeg     . . .     Faith    .   b - +0 scale mail
rPois    .         Spirit   .   (no helmet)
rElec    .         Reflect  .   (no cloak)
rCorr    .         Harm     .   (no gloves)
MR       .....     NoTele   +   (no boots)
Stlth    ..........             (no amulet)
HPRegen  0.00/turn              (no ring)
MPRegen  0.09/turn              (no ring)

@: lethally poisoned (0 -> 0), non-regenerating
A: damage resistance, heal wounds, sense surroundings 1, no regeneration
a: Heal Wounds


You were in the Dungeon.
You were not hungry.

You visited 1 branch

Inventory:

Hand Weapons
 a - a +0 war axe (weapon)
Armour
 b - a +0 scale mail (worn)
 c - a +0 shield
Scrolls
 B - a scroll of blinking {@r4}
Potions
 d - a potion of might {Str+5 DMG+1d10 | @q3}
 g - a potion of heal wounds {@q1}
 i - 2 potions of magic
 j - a potion of berserk rage
 H - a potion of haste {@q5}
 Q - a potion of curing {@q2}
Comestibles
 z - 2 rations


   Skills:
 + Level 4.2 Fighting
 + Level 4.4 Axes
 + Level 5.1 Armour
 + Level 3.7 Dodging
 + Level 5.1 Shields


You had 3 spell levels left.
You didn't know any spells.
Your spell library was empty.

Dungeon Overview and Level Annotations

Branches:
Dungeon (1/1)

Altars:


Innate Abilities, Weirdness & Mutations

You are resistant to damage.
You can heal yourself by infusing magical energy.
You passively map a small area around you.
You do not regenerate.


Message History

The human is heavily wounded.
The human closely misses you.
You hit the human.
The human is severely wounded.
The human hits you but does no damage.
You closely miss the human.
The human is severely wounded.
The human barely misses you.
You barely miss the human.
The human is severely wounded.
The human misses you. The human hits you.
* * * LOW HITPOINT WARNING * * *
You take 4 damage, and have 7/44 hp.
You barely miss the human.
The human is severely wounded.
The human hits you.
* * * LOW HITPOINT WARNING * * *
You take 5 damage, and have 2/44 hp.
You fail to use your ability.
The human hits you.
You die...

▓..##.......# ..# *
▓##.##.##...# *..#*
##.##.###..# #..# ,
▓#.####.##..# ...+
, ▓.###..##.)##
#...# *
▓#.....##..###....#
###..##...##.....#
##..##....#p.....#
*
#..###..##@#.....#,
* #..# #..
####....# _ ▓▓▓▓
▓▓▓ *▓▓▓▓▓ ≈ , * ,
≈≈ ≈ * * ≈ ≈ ≈ , ≈
* * , , , +


You could see a human.

Vanquished Creatures
  A scorpion (D)
  Jessica (D)
  An ooze (D)
  2 rats (D)
5 creatures vanquished.

Notes
Turn   | Place    | Note
-------+----------+-------------------------------------------
     0 | D        | Redear the Deep Dwarf Fighter began the quest for the Orb.
     0 | D        | Reached XP level 1. HP: 20/20 MP: 1/1
    15 | D        | Reached skill level 3 in Fighting
    15 | D        | Reached skill level 1 in Dodging
    44 | D        | Noticed Jessica
    46 | D        | Killed Jessica
    46 | D        | Reached skill level 3 in Axes
    46 | D        | Reached skill level 4 in Armour
    46 | D        | Reached skill level 2 in Dodging
    46 | D        | Reached skill level 4 in Shields
    46 | D        | Reached XP level 2. HP: 30/30 MP: 2/2
    46 | D        | Reached XP level 3. HP: 36/36 MP: 3/3
    52 | D        | Noticed a scorpion
    62 | D        | Killed a scorpion
    62 | D        | Reached skill level 4 in Fighting
    62 | D        | Reached skill level 4 in Axes
    62 | D        | Reached skill level 5 in Armour
    62 | D        | Reached skill level 3 in Dodging
    62 | D        | Reached skill level 5 in Shields
    62 | D        | Reached XP level 4. HP: 22/44 MP: 4/4
    75 | D        | HP: 2/44 [human (5)]
    76 | D        | Slain by a human

Levels and vault maps discovered:
D:        dungeon_sprint_mu [sprint_mu_entry_cave, sprint_mu_temple_rooms,
          sprint_mu_d1_spiders, sprint_mu_d2_genie, sprint_mu_d3_branching,
          sprint_mu_orc_legion, sprint_mu_elf_gauntlet, sprint_mu_hive_nellie,
          sprint_mu_lair_fedhas, sprint_mu_vaults_butterflies,
          sprint_mu_slime_circle, sprint_mu_shoals_kraken,
          sprint_mu_snake_twists, sprint_mu_blade_basic,
          sprint_mu_crypt_chambers, sprint_mu_tomb_spiral,
          sprint_mu_vestibule_basic, sprint_mu_gehenna_hellfire,
          sprint_mu_dis_giant, sprint_mu_tartarus_statrot,
          sprint_mu_cocytus_islands, sprint_mu_zot1]

Skill      XL: |  1  2  3 |
---------------+----------+-----
Fighting       | 3 4 |  4.2
Dodging        | 2 3 |  3.7
Axes           | 3 4 |  4.4
Armour         | 4 5 |  5.1
Shields        | 4 5 |  5.1

Action                   |  1- 3 |  4- 6 || total
-------------------------+-------+-------++-------
Melee: War axe           |    16 |    13 ||    29
Armor: Scale mail        |     9 |     1 ||    10
Dodge: Dodged            |     8 |     9 ||    17

Table legend:
 A = Non-vault XP
 B = Vault XP
 C = Vault XP percentage of total XP
 D = Non-vault monster count
 E = Vault monster count
 F = Vault count percentage of total count
                 A         B        C        D         E       F
            +---------+---------+-------+---------+---------+-------
      Total |       0 |     113 | 100.0 |       0 |       5 | 100.0
            +---------+---------+-------+---------+---------+-------
          D |       0 |     113 | 100.0 |       0 |       5 | 100.0
            +---------+---------+-------+---------+---------+-------
